[Event "Titled Tuesday Blitz August 16 Late 2022"]
[White "Stanojoski, Zvonko"]
[Black "Hajiyev, Kanan"]
[WhiteFideId "15000257"]
[BlackFideId "13404148"]
[WhiteElo "2364"]
[BlackElo "2118"]
[Result "0-1"]
[Round "02"]
[TimeControl "180+1"]
[Date "2022.08.18"]
[WhiteClock "0:00:00"]
[BlackClock "0:00:00"]

1. e4 c6 2. d4 d5 3. Nd2 a6 4. Ngf3 Bg4 5. c3 e6 6. h3 Bh5 7. Be2 Nf6 8. exd5 cxd5 9. O-O Nc6 10. Ne5 Bxe2 11. Qxe2 Bd6 12. Nxc6 bxc6 13. Nf3 O-O 14. Bg5 h6 15. Bxf6 Qxf6 16. b4 a5 17. a3 Ra7 18. Rab1 axb4 19. axb4 Ra3 20. Rfc1 Rfa8 21. g3 Ra2 22. Qe3 R8a3 23. h4 Qg6 24. Ne5 Bxe5 25. dxe5 Qg4 26. Qf4 Qxf4 27. gxf4 Kh7 28. b5 cxb5 29. Rxb5 Kg6 30. Kg2 Kf5 31. Kg3 h5 32. Rb7 Ra7 33. Rcb1 R2a3 34. f3 f6 35. Rxa7 Rxa7 36. exf6 gxf6 37. Rb4 Rg7+ 38. Kf2 Rc7 39. Rb3 Kxf4 40. Rb4+ Rc4 41. Rb6 Kf5 42. Rb3 Rxh4 43. Ke3 Rc4 44. Kd3 h4 45. Rb8 Rf4 46. Ke3 Rc4 47. Kd3 Kf4 48. Rf8 f5 49. Rf6 e5 50. Rd6 Rc5 51. Rh6 Kg3 52. Rh5 e4+ 53. Kd4 Rc4+ 54. Kxd5 Rxc3 55. fxe4 fxe4 56. Kxe4 h3 57. Rg5+ Kf2 58. Rh5 Kg2 59. Kf4 Rc4+ 60. Ke3 Rg4 61. Ra5 h2 62. Ra2+ Kh3 63. Ra1 Rg1 64. Ra8 h1=Q 65. Rh8+ Kg2 66. Rg8+ Kf1 67. Rf8+ Ke1 68. Rf3 Rf1 69. Rg3 Qg1+ 70. Rxg1 Rxg1 0-1


[Site "https://www.chess.com"]

[Event "Titled Tuesday Blitz August 16 Late 2022"]
[White "Swiercz, Dariusz"]
[Black "Yedidia, Daniel"]
[WhiteFideId "1126881"]
[BlackFideId "30905907"]
[WhiteElo "2627"]
[BlackElo "2054"]
[Result "1-0"]
[Round "02"]
[TimeControl "180+1"]
[Date "2022.08.18"]
[WhiteClock "0:00:00"]
[BlackClock "0:00:00"]

1. d4 Nf6 2. c4 e6 3. Nf3 b6 4. e3 Bb7 5. Bd3 d5 6. cxd5 exd5 7. O-O Bd6 8. Ne5 O-O 9. Nc3 Nbd7 10. f4 Ne4 11. Nxe4 dxe4 12. Bc4 Qe7 13. Bd2 Rac8 14. Qa4 Bxe5 15. fxe5 a6 16. Qb3 b5 17. Bd5 Bxd5 18. Qxd5 Nb6 19. Qxe4 f5 20. Rxf5 Rxf5 21. Qxf5 Rf8 22. Qd3 Nc4 23. b3 Nb6 24. Rf1 h6 25. Rxf8+ Qxf8 26. Ba5 Nd5 27. e4 Nf4 28. Qf3 c6 29. Bd2 Ne6 30. Qxf8+ Kxf8 31. Be3 Ke7 32. d5 Nd8 33. Bc5+ Ke8 34. e6 Nb7 35. dxc6 Nxc5 36. c7 Nxe6 37. c8=Q+ 1-0


[Site "https://www.chess.com"]

[Event "Titled Tuesday Blitz August 16 Late 2022"]
[White "Szalay, Karoly"]
[Black "Kravtsiv, Martyn"]
[WhiteFideId "2600544"]
[BlackFideId "14113147"]
[WhiteElo "2564"]
[BlackElo "2694"]
[Result "0-1"]
[Round "02"]
[TimeControl "180+1"]
[Date "2022.08.16"]
[WhiteClock "0:01:29"]
[BlackClock "0:01:28"]

1. e4 e5 2. Nf3 Nc6 3. Nc3 Nf6 4. Bb5 Bd6 5. d3 O-O 6. O-O Re8 7. h3 h6 8. Be3 a6 9. Ba4 b5 10. Bb3 Na5 11. Ne2 Bf8 12. Qd2 Nxb3 13. axb3 d5 14. exd5 Nxd5 15. Ng3 f5 16. c4 Nb4 17. cxb5 f4 18. Bxf4 exf4 19. Qxf4 Nxd3 20. Qd2 Bb7 21. bxa6 Rxa6 22. Rxa6 Bxa6 23. Rd1 Bc5 24. Rf1 Nxf2 25. Rxf2 Qxd2 26. Nxd2 Re1+ 27. Ngf1 Bxf1 28. Nxf1 Re2 0-1


[Site "https://www.chess.com"]

[Event "Titled Tuesday Blitz August 16 Late 2022"]
[White "Taboas Rodriguez, Daniel"]
[Black "Abdrlauf, Elham"]
[WhiteFideId "2208466"]
[BlackFideId "1533533"]
[WhiteElo "2429"]
[BlackElo "2430"]
[Result "1/2-1/2"]
[Round "02"]
[TimeControl "180+1"]
[Date "2022.08.16"]
[WhiteClock "0:00:17"]
[BlackClock "0:00:03"]

1. d4 Nf6 2. Nf3 d5 3. c4 e6 4. Bg5 Nbd7 5. Nc3 c6 6. e3 Be7 7. Bd3 dxc4 8. Bxc4 b5 9. Bd3 a6 10. O-O Bb7 11. Bxf6 Nxf6 12. Ne4 c5 13. Nxc5 Bxf3 14. Qxf3 Bxc5 15. dxc5 Rc8 16. Rfd1 Qa5 17. c6 O-O 18. a3 Qb6 19. Rac1 Rfd8 20. Be2 Rxd1+ 21. Bxd1 Nd5 22. e4 Ne7 23. Qd3 Rxc6 24. Rxc6 Nxc6 25. b4 Qd4 26. Qxd4 Nxd4 27. f4 f6 28. Kf2 e5 29. Ke3 Kf7 30. g3 Ke7 31. Bg4 Nc2+ 32. Kd3 Nxa3 33. Bc8 Nc4 34. Bxa6 Nd6 35. fxe5 fxe5 36. Bxb5 Nxb5 37. Kc4 Nd6+ 38. Kd5 Nf7 39. b5 Kd7 40. b6 Nd6 41. h4 Ne8 42. Kxe5 Nf6 43. Kf5 Kc6 44. e5 Nd7 45. Ke6 Nxb6 46. Kf7 Kd5 47. e6 Nc8 48. e7 Nd6+ 49. Kxg7 Ke6 50. Kxh7 Kxe7 51. Kg6 Kf8 52. g4 Kg8 53. g5 Nf7 54. h5 Ne5+ 55. Kf5 Nf7 56. g6 Nh6+ 57. Kf6 Ng4+ 58. Kg5 Ne5 59. h6 Nxg6 60. Kxg6 Kh8 61. h7 1/2-1/2


[Site "https://www.chess.com"]

[Event "Titled Tuesday Blitz August 16 Late 2022"]
[White "Tarigan, Gilbert Elroy"]
[Black "Urbina Perez, Juan Antonio"]
[WhiteFideId "7108133"]
[BlackFideId "2217368"]
[WhiteElo "1908"]
[BlackElo "2192"]
[Result "1-0"]
[Round "02"]
[TimeControl "180+1"]
[Date "2022.08.18"]
[WhiteClock "0:00:00"]
[BlackClock "0:00:00"]

1. d4 d5 2. Bf4 c6 3. e3 Qb6 4. Qc1 Bf5 5. Nf3 Nf6 6. Nbd2 e6 7. c4 dxc4 8. Bxc4 Nbd7 9. O-O Ne4 10. Nxe4 Bxe4 11. Ne5 Nxe5 12. Bxe5 Bd5 13. Bd3 f6 14. Bg3 c5 15. e4 Bc6 16. d5 Bd7 17. Bc4 e5 18. f4 exf4 19. Qxf4 Be7 20. e5 Bb5 21. d6 Bxc4 22. Qxc4 Bd8 23. Qe6+ Kf8 24. exf6 Bxf6 25. Rxf6+ gxf6 26. Qxf6+ Kg8 27. Qe6+ 1-0


[Site "https://www.chess.com"]

[Event "Titled Tuesday Blitz August 16 Late 2022"]
[White "Toncheva, Nadya"]
[Black "Sailer, Mike"]
[WhiteFideId "2924056"]
[BlackFideId "2012901"]
[WhiteElo "1888"]
[BlackElo "2109"]
[Result "1-0"]
[Round "02"]
[TimeControl "180+1"]
[Date "2022.08.18"]
[WhiteClock "0:00:00"]
[BlackClock "0:00:00"]

1. e4 d5 2. exd5 Qxd5 3. Nc3 Qd6 4. d4 Nf6 5. Nf3 c6 6. g3 Bf5 7. Bf4 Qb4 8. Rb1 e6 9. Bg2 Be7 10. O-O O-O 11. a3 Qa5 12. b4 Qxa3 13. Rb3 Qa6 14. Re1 Nbd7 15. Bf1 b5 16. Nh4 Bg4 17. Qc1 Nb6 18. f3 Bh5 19. Ne4 Nfd5 20. Bg5 Nc4 21. Bxe7 Nxe7 22. Qg5 Qa2 23. Qxh5 Qxc2 24. Bd3 g6 25. Nf6+ Kg7 26. Qxh7+ Kxf6 27. Bxc2 Rh8 28. Bxg6 Nxg6 29. Rxe6+ Kxe6 30. Qg7 Rag8 31. Qxh8 Rxh8 32. Ng2 Rg8 33. Rb1 Kd5 34. Re1 f5 35. h4 f4 36. h5 Nf8 37. Nxf4+ Kd6 38. Kf2 Nd7 39. h6 Rh8 40. Rh1 Nf6 41. g4 Nb6 42. g5 Ne8 43. h7 Ng7 44. Ng6 1-0


[Site "https://www.chess.com"]

[Event "Titled Tuesday Blitz August 16 Late 2022"]
[White "Urazayev, Arystanbek"]
[Black "Isajevsky, Anton"]
[WhiteFideId "13709810"]
[BlackFideId "4142500"]
[WhiteElo "2441"]
[BlackElo "2510"]
[Result "1-0"]
[Round "02"]
[TimeControl "180+1"]
[Date "2022.08.16"]
[WhiteClock "0:00:10"]
[BlackClock "0:00:02"]

1. e4 c5 2. Nf3 d6 3. d4 cxd4 4. Nxd4 Nf6 5. Nc3 a6 6. Be3 e5 7. Nf3 Be7 8. Bc4 O-O 9. O-O Nc6 10. Nd5 Nxd5 11. Bxd5 Be6 12. c3 Rc8 13. Qd3 Qc7 14. Rfd1 Bg4 15. Qe2 Na5 16. b3 Qxc3 17. Bd2 Qc7 18. Rac1 Nc6 19. h3 Bh5 20. g4 Bg6 21. Bg5 h6 22. Bxe7 Qxe7 23. Qe3 Nb4 24. Rc4 Nxd5 25. Rxd5 b5 26. Rxc8 Rxc8 27. Kg2 Rc6 28. Qd3 f6 29. Nh4 Bh7 30. Nf5 Bxf5 31. gxf5 Qc7 32. a4 bxa4 33. bxa4 Kh7 34. Qg3 Qf7 35. Qd3 Qc7 36. a5 Qb7 37. Qg3 Qf7 38. Qg4 Qe8 39. h4 Qf7 40. h5 Kg8 41. Rd3 Kf8 42. Qf3 Qc7 43. Rb3 Rc4 44. Rb6 1-0


[Site "https://www.chess.com"]

[Event "Titled Tuesday Blitz August 16 Late 2022"]
[White "Vagman, Roy"]
[Black "Kovacevic, Radmila"]
[WhiteFideId "2828995"]
[BlackFideId "933171"]
[WhiteElo "1956"]
[BlackElo "2157"]
[Result "1-0"]
[Round "02"]
[TimeControl "180+1"]
[Date "2022.08.18"]
[WhiteClock "0:00:00"]
[BlackClock "0:00:00"]

1. Nf3 d5 2. b3 g6 3. Bb2 Nf6 4. e3 Bg7 5. Be2 O-O 6. O-O Bg4 7. h3 Bxf3 8. Bxf3 c6 9. d3 Nbd7 10. Nd2 e6 11. Qe2 b5 12. e4 h5 13. a4 a6 14. axb5 axb5 15. Rxa8 Qxa8 16. Ra1 Qb7 17. b4 Ra8 18. Nb3 Rxa1+ 19. Bxa1 dxe4 20. dxe4 Qa8 21. Bd4 Qa3 22. Qd2 e5 23. Bc3 Qa8 24. g4 hxg4 25. hxg4 Qe8 26. Na5 Qe6 27. Qe2 Nb6 28. Kg2 Na4 29. Bd2 Nd7 30. g5 Ndb6 31. Bg4 Qa2 32. Be3 Nc4 33. Nxc6 Nc3 34. Qd3 Nxe3+ 35. fxe3 Na4 36. Ne7+ Kh7 37. Qd1 Bf8 38. Qh1+ Kg7 39. Qh6# 1-0


[Site "https://www.chess.com"]

[Event "Titled Tuesday Blitz August 16 Late 2022"]
[White "Vargas, Mauricio"]
[Black "Ferreira, Vitor Hugo Vieira"]
[WhiteFideId "4404572"]
[BlackFideId "2119765"]
[WhiteElo "2004"]
[BlackElo "2168"]
[Result "0-1"]
[Round "02"]
[TimeControl "180+1"]
[Date "2022.08.18"]
[WhiteClock "0:00:00"]
[BlackClock "0:00:00"]

1. e4 c5 2. Nc3 Nc6 3. f4 e6 4. Nf3 a6 5. d3 d5 6. e5 Nh6 7. h3 Nf5 8. g4 Nh4 9. Nh2 f6 10. Be2 fxe5 11. fxe5 Ng2+ 12. Kf2 Nh4 13. Bf4 Ng6 14. Bg3 Ngxe5 15. Rf1 Be7 16. Kg1 Bh4 17. Qe1 Ng6 18. Nf3 Bxg3 19. Qxg3 O-O 20. h4 Bd7 21. h5 Nf4 22. Rae1 Qc7 23. Kh2 Rac8 24. Ng5 Nxe2 25. Rxe2 Qxg3+ 26. Kxg3 Rxf1 27. Na4 Nd4 28. Rg2 Bxa4 29. b3 Bd7 30. c3 Nc6 31. h6 gxh6 32. Nf3 Rf8 33. Nh4 Ne5 34. d4 cxd4 35. cxd4 Ng6 36. Nxg6 hxg6 37. Kh2 R8f2 38. Kg3 Rxg2+ 39. Kxg2 Ra1 40. a4 Ra2+ 41. Kf3 Rb2 42. b4 Rb3+ 43. Kf4 Rxb4 44. Ke5 Kf7 45. Kd6 Ke8 46. a5 h5 47. Kc5 Rb5+ 48. Kd6 Rxa5 49. Kc7 hxg4 50. Kb6 Rb5+ 51. Kc7 g3 52. Kd6 g2 53. Ke5 g1=Q 54. Kd6 Qxd4 55. Kc7 Qb6+ 56. Kb8 Qd8+ 57. Ka7 b6 58. Kxa6 Ra5+ 59. Kb7 Qc8+ 60. Kxb6 Qc5+ 61. Kb7 Ra7+ 62. Kb8 Qc7# 0-1


[Site "https://www.chess.com"]

[Event "Titled Tuesday Blitz August 16 Late 2022"]
[White "Vasquez Schroeder, Rodrigo"]
[Black "Goldin, Alexander"]
[WhiteFideId "3400042"]
[BlackFideId "2019540"]
[WhiteElo "2567"]
[BlackElo "2589"]
[Result "1-0"]
[Round "02"]
[TimeControl "180+1"]
[Date "2022.08.16"]
[WhiteClock "0:00:21"]
[BlackClock "0:00:19"]

1. e4 e5 2. Nf3 Nc6 3. Bb5 a6 4. Ba4 d6 5. O-O Bd7 6. c3 Nge7 7. d4 Ng6 8. Be3 Be7 9. d5 Nb8 10. Bxd7+ Qxd7 11. c4 O-O 12. Nc3 f5 13. exf5 Qxf5 14. Nd2 Nd7 15. Nde4 Nf4 16. g3 Nh5 17. f3 h6 18. Kh1 Nhf6 19. g4 Qg6 20. Ng3 Nh7 21. Nf5 Rxf5 22. gxf5 Qxf5 23. Qe2 Bg5 24. Ne4 Ndf6 25. Nxg5 Nxg5 26. f4 Qe4+ 27. Qg2 Qxe3 28. Rae1 Qh3 29. fxg5 Qxg2+ 30. Kxg2 hxg5 31. Rf5 g4 32. Kf2 Kh7 33. Ke2 Kg6 34. Rf2 Rh8 35. Rg1 b5 36. b3 bxc4 37. bxc4 Rb8 38. Kd3 Rb4 39. Kc3 a5 40. Re2 Kf7 41. a3 Rb8 42. Rg3 Rb1 43. h3 a4 44. Kc2 Ra1 45. hxg4 Ra2+ 46. Kd1 Ra1+ 47. Kd2 Ra2+ 48. Ke1 Ra1+ 49. Kf2 Rc1 50. g5 Nh5 51. Rg4 Nf4 52. Re4 Rc3 53. Rg3 Rc2+ 54. Ke1 Kg6 55. Kd1 Ra2 56. c5 Kf5 57. Rxa4 Nxd5 58. cxd6 cxd6 59. Ra6 Ke6 60. Rd3 e4 61. Rb3 e3 62. Ke1 Ke5 63. Ra5 Kd4 64. Ra4+ Ke5 65. Ra8 Kd4 66. Ra4+ Ke5 67. Rb5 Rd2 68. Rc4 Rd3 69. a4 Ra3 70. a5 Ra2 71. Rcb4 Ke6 72. Re4+ Kf5 73. Rxe3 Kf4 74. Reb3 Ne3 75. Rb8 Ra1+ 76. Ke2 Ra2+ 77. Kd3 Rxa5 78. Rf8+ Nf5 79. g6 Kg5 80. Ke4 Kxg6 81. Re8 Ra4+ 82. Kd5 Ra5+ 83. Kc6 Rd5 84. Kxd5 1-0


[Site "https://www.chess.com"]

[Event "Titled Tuesday Blitz August 16 Late 2022"]
[White "Viana Da Costa, Fernando"]
[Black "Turayev, Shahruh"]
[WhiteFideId "2111900"]
[BlackFideId "14003856"]
[WhiteElo "2277"]
[BlackElo "2217"]
[Result "0-1"]
[Round "02"]
[TimeControl "180+1"]
[Date "2022.08.18"]
[WhiteClock "0:00:00"]
[BlackClock "0:00:00"]

1. e4 d5 2. exd5 Qxd5 3. Nf3 Nf6 4. d4 Nc6 5. Be2 Bg4 6. O-O O-O-O 7. c3 e5 8. dxe5 Nxe5 9. Nxe5 Qxd1 10. Rxd1 Rxd1+ 11. Bxd1 Bxd1 12. Nxf7 Rg8 13. Ne5 Be2 14. Nd2 Bd6 15. Ndc4 Bxe5 16. Nxe5 Re8 17. Bf4 Nh5 18. g3 Nxf4 19. gxf4 Rf8 20. Re1 Bb5 21. c4 Ba6 22. b3 Rxf4 23. f3 b6 24. Kg2 Bb7 25. Kg3 Rf5 26. h4 c5 27. f4 Rf8 28. Rd1 Rd8 29. Rxd8+ Kxd8 30. a3 Ke7 31. b4 cxb4 32. axb4 a5 33. bxa5 bxa5 34. c5 Bd5 35. Kf2 a4 36. Ke3 a3 0-1


[Site "https://www.chess.com"]

[Event "Titled Tuesday Blitz August 16 Late 2022"]
[White "Vlassov, Nikolai"]
[Black "Kaganskiy, Gleb"]
[WhiteFideId "4103360"]
[BlackFideId "4132025"]
[WhiteElo "2324"]
[BlackElo "2165"]
[Result "1-0"]
[Round "02"]
[TimeControl "180+1"]
[Date "2022.08.18"]
[WhiteClock "0:00:00"]
[BlackClock "0:00:00"]

1. e4 d6 2. f4 d5 3. exd5 Qxd5 4. Nc3 Qd8 5. Nf3 c6 6. d4 Bf5 7. Bc4 e6 8. O-O b5 9. Bb3 Nf6 10. Kh1 Nbd7 11. Ne5 Qc7 12. Qf3 Rc8 13. g4 Nxe5 14. fxe5 Nxg4 15. h3 h5 16. Ne4 Be7 17. Bf4 Nh6 18. Rg1 Bxe4 19. Qxe4 Nf5 20. Raf1 g6 21. c3 h4 22. Kh2 Rh5 23. Qf3 c5 24. Bxe6 fxe6 25. Rxg6 Rh8 26. Rxe6 cxd4 27. Bg5 Ne3 28. Qf7+ Kd8 29. Bxe7+ 1-0


[Site "https://www.chess.com"]

[Event "Titled Tuesday Blitz August 16 Late 2022"]
[White "Voege, Tobias"]
[Black "Xu, Jeffrey"]
[WhiteFideId "1270513"]
[BlackFideId "2617110"]
[WhiteElo "2360"]
[BlackElo "2047"]
[Result "0-1"]
[Round "02"]
[TimeControl "180+1"]
[Date "2022.08.18"]
[WhiteClock "0:00:00"]
[BlackClock "0:00:00"]

1. e4 d6 2. d4 Nf6 3. f3 e5 4. d5 Be7 5. c4 O-O 6. Nc3 c6 7. Bd3 Nbd7 8. Nge2 Ne8 9. dxc6 bxc6 10. Be3 Bg5 11. Qd2 Bxe3 12. Qxe3 Qb6 13. Qxb6 axb6 14. O-O-O Ba6 15. b3 g6 16. Kb2 Kg7 17. h4 Kf6 18. g4 Ke7 19. g5 Ng7 20. f4 Ne6 21. f5 Nd4 22. Nxd4 exd4 23. Ne2 c5 24. Nf4 Bb7 25. h5 Ne5 26. hxg6 hxg6 27. fxg6 fxg6 28. Rh7+ Rf7 29. Rxf7+ Kxf7 30. Rh1 Nxd3+ 31. Nxd3 Bxe4 32. Rf1+ Bf5 33. a4 Ke7 34. Nf4 Kd7 35. Rh1 Re8 36. Nd5 Re2+ 37. Ka3 d3 38. Rd1 d2 39. Kb2 Rg2 40. Kc3 Rg3+ 41. Kb2 Rd3 42. Nf4 Rd4 43. Nd5 Ke6 44. Ne3 Be4 45. Rg1 Bf3 46. Nd1 Bxd1 47. Rxd1 Kf5 48. Kc2 Kxg5 49. Rg1+ Kf5 50. Rf1+ Ke6 51. Kd1 g5 52. Rg1 g4 53. Rg2 Kf5 54. Rf2+ Ke4 55. Rf6 g3 56. Rg6 Kf3 57. Rf6+ Rf4 58. Rg6 g2 59. Kxd2 Rg4 60. Rf6+ Ke4 61. Rf2 g1=Q 62. Re2+ Kf3 63. Kc2 Qd4 64. Rd2 Rg2 65. Rxg2 Kxg2 66. a5 bxa5 67. Kb1 Qd2 68. b4 cxb4 69. c5 dxc5 70. Ka1 Kf3 71. Kb1 Ke4 72. Ka1 Kd5 73. Kb1 c4 74. Ka1 a4 75. Kb1 Kc5 76. Ka1 Qg2 77. Kb1 Kd4 78. Ka1 Ke3 79. Kb1 Kd3 80. Kc1 Kc3 81. Kb1 Kb3 82. Ka1 a3 83. Kb1 c3 84. Kc1 Kc4 85. Kb1 b3 86. Ka1 Qa2# 0-1


[Site "https://www.chess.com"]

[Event "Titled Tuesday Blitz August 16 Late 2022"]
[White "Vusatiuk, Vladimir"]
[Black "Fernandez Hernandez, Gerardo"]
[WhiteFideId "14118610"]
[BlackFideId "2207400"]
[WhiteElo "2157"]
[BlackElo "2169"]
[Result "1-0"]
[Round "02"]
[TimeControl "180+1"]
[Date "2022.08.18"]
[WhiteClock "0:00:00"]
[BlackClock "0:00:00"]

1. d4 Nf6 2. Nf3 g6 3. Bf4 Bg7 4. e3 O-O 5. Be2 d6 6. h3 b6 7. O-O Bb7 8. a4 a6 9. a5 b5 10. c4 c6 11. Nc3 b4 12. Na4 Nbd7 13. Qb3 c5 14. dxc5 Nxc5 15. Qxb4 Rb8 16. Nb6 Nfd7 17. Nxd7 Qxd7 18. Qa3 Bxf3 19. Bxf3 Bxb2 20. Qa2 Bxa1 21. Qxa1 Qa4 22. Qc3 Rb3 23. Qd4 Ne6 24. Qa7 Nxf4 25. Bd1 Ne6 26. Qxe7 Qxc4 27. Bxb3 Qxb3 28. Qxd6 Qb5 29. Ra1 Rd8 30. Qb6 Qxb6 31. axb6 Rb8 32. Rxa6 Nc5 33. Ra5 Nd7 34. Rd5 Nxb6 35. Rd1 Kg7 36. h4 Re8 37. g3 Nc4 38. Kg2 Ne5 39. Rd5 f6 40. Ra5 Re7 41. Ra6 h5 42. Ra5 Ng4 43. Ra2 Rc7 44. Rb2 Rc1 45. Ra2 Rc4 46. Ra7+ Kh6 47. Ra2 Rc5 48. Rb2 Rf5 49. Re2 Ne5 50. e4 Rf3 51. Rc2 Rd3 52. Rc8 Rd4 53. Re8 Rxe4 54. f4 Re2+ 55. Kf1 Re3 56. fxe5 Rxe5 57. Rf8 Kg7 58. Ra8 Re3 59. Kf2 Rb3 60. Ra7+ Kh6 61. Ra2 Rb6 62. Kg2 g5 63. Rf2 Kg6 64. hxg5 fxg5 65. Kh3 h4 66. gxh4 Rb3+ 67. Kg2 gxh4 68. Ra2 Kg5 69. Ra8 Kg4 70. Rg8+ Kh5 71. Kh2 Rb2+ 72. Kh3 Rb3+ 73. Kh2 Rb2+ 74. Kh1 Rb1+ 75. Kg2 Rb2+ 76. Kf3 Rb3+ 77. Kf4 Rg3 78. Rh8+ Kg6 79. Rxh4 Rg1 80. Rh8 Kf7 81. Rh7+ Kg8 82. Ra7 Rf1+ 83. Kg3 Rg1+ 84. Kf2 Rg7 85. Ra8+ Kh7 86. Kf3 Rf7+ 87. Kg4 Rg7+ 88. Kh5 Rc7 89. Ra5 Rc6 90. Ra7+ Kg8 91. Rb7 Kf8 92. Kg5 Ke8 93. Kf5 Kd8 94. Ke5 Kc8 95. Rh7 Rc7 96. Rh8+ Kb7 97. Kd6 Rc6+ 98. Kd7 Rc7+ 99. Ke6 Rc6+ 100. Kd5 Rc7 101. Rh6 Rd7+ 102. Kc5 Rc7+ 103. Kb5 Rg7 104. Rb6+ Kc7 105. Rc6+ Kb7 106. Rc5 Rf7 107. Ka5 Rg7 108. Rb5+ Ka7 109. Rf5 Re7 110. Kb5 Rd7 111. Kc6 Rh7 112. Ra5+ Kb8 113. Rb5+ Kc8 114. Rg5 Rh6+ 115. Kc5 Kc7 116. Rg7+ Kd8 117. Kd5 Kc8 118. Ke5 Kd8 119. Kf5 Kc8 120. Kg5 Ra6 121. Rg8+ Kc7 122. Rg6 Kb8 123. Rxa6 Kb7 124. Rf6 1-0


[Site "https://www.chess.com"]

[Event "Titled Tuesday Blitz August 16 Late 2022"]
[White "Wachinger, Guenther"]
[Black "Coelho, Ramyres Santana"]
[WhiteFideId "4604261"]
[BlackFideId "2120690"]
[WhiteElo "2212"]
[BlackElo "1888"]
[Result "1/2-1/2"]
[Round "02"]
[TimeControl "180+1"]
[Date "2022.08.18"]
[WhiteClock "0:00:00"]
[BlackClock "0:00:00"]

1. e4 c5 2. Nf3 d6 3. Bb5+ Nd7 4. a4 a6 5. Be2 g6 6. O-O Bg7 7. Nc3 e5 8. Nd5 Ngf6 9. d3 Nxd5 10. exd5 O-O 11. a5 h6 12. c4 f5 13. Rb1 g5 14. b4 g4 15. Ne1 Qh4 16. Ba3 h5 17. bxc5 Nxc5 18. Bxc5 dxc5 19. Qa4 f4 20. d6 Bf5 21. Rxb7 e4 22. Qc6 f3 23. Bd1 fxg2 24. Nxg2 Qg5 25. dxe4 Be6 26. Re7 Bxc4 27. Ne3 Bxf1 28. Nxf1 Qf6 29. Bb3+ Kh8 30. Qxc5 Bh6 31. Re6 Qg5 32. Qxg5 Bxg5 33. Bd5 Rae8 34. Rxe8 Rxe8 35. Ng3 Bf4 36. Nxh5 Bxd6 37. Nf6 Rf8 38. Nxg4 Bc5 39. Kg2 Kg7 40. Ne5 Rxf2+ 41. Kg3 Rd2 42. Nd7 Bd6+ 43. Kg4 Rxh2 44. Kf5 Rf2+ 45. Ke6 Bb4 46. e5 Re2 47. Nf6 Bc3 48. Ng4 Re1 49. Bc4 Kg6 50. Bxa6 Kg5 51. Nf6 Rxe5+ 52. Kd7 Rxa5 53. Ne4+ Kh4 54. Nxc3 Rxa6 55. Nd5 Ra5 56. Nc7 Ra7 57. Kc6 Ra1 58. Kb6 Rc1 59. Nb5 Rb1 60. Kc5 Kg4 61. Nd4 Kf4 62. Kc4 Ke4 63. Nc2 Rc1 64. Kc3 Kf3 65. Kd3 Kf2 66. Kd2 Rb1 67. Nd4 Rb8 68. Kd3 Rd8 69. Ke4 Kg3 70. Ke5 Kg4 71. Ne6 Re8 72. Kf6 Ra8 73. Ke5 Kh5 74. Kf6 Kh6 75. Ke5 Kg6 76. Nf4+ Kf7 77. Nd5 Ra5 78. Kd4 Ke6 79. Nf4+ Kf5 80. Nd3 Ke6 81. Nf4+ Kd6 82. Nd3 Rd5+ 83. Ke4 Ra5 84. Nf4 Ra4+ 85. Ke3 Ke5 86. Nd3+ Kd5 87. Nf4+ Kc4 88. Ke4 Kc5+ 89. Ke5 1/2-1/2


[Site "https://www.chess.com"]

[Event "Titled Tuesday Blitz August 16 Late 2022"]
[White "Wadsworth, Matthew J"]
[Black "Diem, Thomas"]
[WhiteFideId "415804"]
[BlackFideId "30937841"]
[WhiteElo "2294"]
[BlackElo "1998"]
[Result "1-0"]
[Round "02"]
[TimeControl "180+1"]
[Date "2022.08.18"]
[WhiteClock "0:00:00"]
[BlackClock "0:00:00"]

1. c4 c6 2. g3 d5 3. Nf3 Nf6 4. Bg2 Bf5 5. cxd5 cxd5 6. Qb3 Qb6 7. Qxb6 axb6 8. d3 Nc6 9. O-O e6 10. Nc3 Bd6 11. Nb5 Bb8 12. Be3 Ra6 13. a3 O-O 14. b4 e5 15. Rfc1 d4 16. Bd2 Na7 17. Nxa7 Rxa7 18. Nh4 Be6 19. a4 Bd6 20. a5 bxa5 21. bxa5 Bd5 22. Nf5 Bxg2 23. Kxg2 Ra6 24. Nxd6 Rxd6 25. Bb4 Ne8 26. Rc8 Rd7 27. Bxf8 Kxf8 28. Rb1 Ke7 29. Rb8 Nd6 30. Rb6 f6 31. h4 Ke6 32. h5 h6 33. g4 Kd5 34. a6 bxa6 35. Rxa6 Nf7 36. Rb5# 1-0


[Site "https://www.chess.com"]

[Event "Titled Tuesday Blitz August 16 Late 2022"]
[White "Wieczorek, Oskar"]
[Black "Do Nascimento,Christian Almeida"]
[WhiteFideId "1133950"]
[BlackFideId "2143801"]
[WhiteElo "2302"]
[BlackElo "2085"]
[Result "1-0"]
[Round "02"]
[TimeControl "180+1"]
[Date "2022.08.16"]
[WhiteClock "0:00:06"]
[BlackClock "0:00:11"]

1. e4 c5 2. Nf3 d6 3. d4 cxd4 4. Nxd4 Nf6 5. Nc3 a6 6. h4 e6 7. g4 Qc7 8. g5 Nfd7 9. Be3 Be7 10. f4 Nc6 11. Qd2 O-O 12. f5 Nde5 13. O-O-O Nxd4 14. Qxd4 b5 15. Rg1 Kh8 16. Be2 b4 17. Qxb4 Rb8 18. Qd4 Bd7 19. Rgf1 Rfc8 20. f6 Bf8 21. fxg7+ Bxg7 22. Qxd6 Qb7 23. Bd4 Qxb2+ 24. Kd2 Ba4 25. Bd3 Rd8 26. Qc7 Rbc8 27. Ne2 Qb4+ 28. Bc3 Qxe4 29. Qxc8 Qd5 30. Qxa6 Bb5 31. Qa3 Nxd3 32. cxd3 Qxd3+ 33. Kc1 Qe3+ 34. Kb2 Rb8 35. Bxg7+ Kg8 36. Qxe3 Bxe2+ 37. Ka1 Bxf1 38. Rxf1 1-0


[Site "https://www.chess.com"]

[Event "Titled Tuesday Blitz August 16 Late 2022"]
[White "Wiewiora, Eneasz"]
[Black "Van Dael, Siem"]
[WhiteFideId "1140396"]
[BlackFideId "1049771"]
[WhiteElo "2291"]
[BlackElo "2110"]
[Result "1-0"]
[Round "02"]
[TimeControl "180+1"]
[Date "2022.08.18"]
[WhiteClock "0:00:00"]
[BlackClock "0:00:00"]

1. e4 c5 2. c3 Nf6 3. e5 Nd5 4. d4 cxd4 5. Nf3 Nc6 6. Bc4 e6 7. cxd4 Nb6 8. Bd3 d5 9. O-O Be7 10. Nc3 a6 11. a3 Bd7 12. b4 Na7 13. Bf4 Rc8 14. Rc1 Nb5 15. Nxb5 Bxb5 16. Qd2 Nc4 17. Bxc4 dxc4 18. Rfd1 Qd5 19. Bg5 h6 20. Bxe7 Kxe7 21. Qf4 c3 22. Ne1 Be2 23. Nc2 Bxd1 24. Rxd1 f5 25. exf6+ gxf6 26. Re1 Rhg8 27. g3 Qd6 28. Qxh6 Rgf8 29. Qh7+ Rf7 30. Qe4 Kd8 31. Qg6 Rd7 32. Qxf6+ Kc7 33. h4 Kb8 34. h5 Ka8 35. h6 Qd5 36. Qe5 Qb3 37. Qxe6 Qxe6 38. Rxe6 Rd5 39. g4 Rg8 40. f3 Rd7 41. Kg2 Ka7 42. Kg3 b6 43. f4 a5 44. g5 axb4 45. axb4 Kb7 46. g6 Ra8 47. g7 Ra2 48. g8=Q Rxc2 49. Qg6 Rd2 50. Rxb6+ Kc7 51. Qc6+ Kd8 52. Rb8+ Ke7 53. Qc5+ Kf7 54. Qf5+ Ke7 55. Qe5+ Kf7 56. Qe8+ Kf6 57. Qxd7 c2 58. Rb6# 1-0


[Site "https://www.chess.com"]

[Event "Titled Tuesday Blitz August 16 Late 2022"]
[White "Winkels, Marcel"]
[Black "Chernomordik, Pavel"]
[WhiteFideId "1003887"]
[BlackFideId "2804530"]
[WhiteElo "1900"]
[BlackElo "2217"]
[Result "0-1"]
[Round "02"]
[TimeControl "180+1"]
[Date "2022.08.18"]
[WhiteClock "0:00:00"]
[BlackClock "0:00:00"]

1. e4 g6 2. d4 Bg7 3. Nc3 d6 4. Be3 a6 5. Nf3 b5 6. a3 Bb7 7. Bd3 Nd7 8. Qd2 c5 9. d5 Qc7 10. O-O Ngf6 11. Bh6 O-O 12. Bxg7 Kxg7 13. Rfe1 e5 14. dxe6 fxe6 15. Ng5 Rae8 16. Rad1 h6 17. Nf3 d5 18. exd5 exd5 19. Nh4 Ng4 20. g3 Rxf2 21. Rxe8 Ndf6 22. Re2 Rxh2 23. Qf4 Qxf4 24. gxf4 Rxh4 25. Re7+ Kf8 26. Rxb7 Ne3 27. Re1 d4 28. Ne4 Rg4+ 29. Kf2 Rxf4+ 30. Kg3 Rg4+ 31. Kf3 Nfd5 32. Nd6 Rf4+ 33. Ke2 c4 34. Bxg6 Rg4 35. Rf7+ Kg8 36. Bh7+ Kh8 37. Ref1 Nxf1 38. Rxf1 Kxh7 39. Rf5 Ne3 40. Rf7+ Kg6 41. Re7 Rg2+ 42. Kf3 Rxc2 43. Ke4 Ng4 44. Kxd4 Rd2+ 45. Kc5 Rxb2 46. a4 c3 47. Re6+ Kg5 48. Nf7+ Kf5 49. Re1 c2 50. Rc1 Ne3 51. axb5 Rxb5+ 52. Kd4 Rb1 0-1


[Site "https://www.chess.com"]